 Dungeon Crawl Stone Soup version 0.29.1-12-g30fa7ad0bf (webtiles) character file.

Game seed: 14735055379312040743

347 Linkola the Conjurer (level 6, 0/27 (32) HPs)
             Began as a Deep Elf Conjurer on Jan 2, 2023.
             Slain by a necrophage (4 damage)
             ... on level 5 of the Dungeon.
             The game lasted 00:13:23 (4461 turns).

Linkola the Conjurer (Deep Elf Conjurer)            Turns: 4461, Time: 00:13:24

HP:   0/27 (32)     AC:  5    Str:  4    XL:     6   Next: 33%
MP:   0/14          EV: 12    Int: 31    God:
Gold: 198           SH:  0    Dex: 13    Spells: 5/14 levels left

rFire   . . .      SeeInvis .   f - staff of poison
rCold   . . .      Faith    .   (no shield)
rNeg    . . .      Spirit   .   a - +0 robe
rPois   +          Reflect  .   (no helmet)
rElec   .          Harm     .   (no cloak)
rCorr   .          Rampage  .   (no gloves)
Will    .....                   k - +2 pair of boots
Stlth   ++........              (no amulet)
HPRegen 0.09/turn               j - +6 ring of intelligence
MPRegen 0.14/turn               (no ring)

@: heavily drained
A: no striking features
a: no special abilities


You were on level 5 of the Dungeon.
You visited 1 branch of the dungeon, and saw 5 of its levels.

You collected 198 gold pieces.

Inventory:

Armour
 a - a +0 robe (worn)
 k - a +2 pair of boots (worn)
Magical Staves
 c - a staff of fire
 f - a staff of poison (weapon)
Jewellery
 j - a +6 ring of intelligence (left hand)
Wands
 n - a wand of digging (6)
Scrolls
 d - 2 scrolls of poison
 l - a scroll of teleportation
 p - a scroll of identify
Potions
 b - 2 potions of magic
 e - a potion of degeneration {unknown}
 g - 3 potions of heal wounds {unknown}
 h - 3 potions of brilliance {unknown}
 i - a potion of curing {unknown}
 m - 2 potions of flight {unknown}
 o - 2 potions of haste {unknown}


   Skills:
 + Level 0.2 Fighting
 + Level 2.9 Dodging
 + Level 3.2 Stealth
 + Level 4.5 Spellcasting
 + Level 5.9 Conjurations
 * Level 3.0 Hexes
 * Level 2.1 Summonings
 * Level 2.0 Translocations


You had 5 spell levels left.
You knew the following spells:

 Your Spells              Type           Power      Damage    Failure   Level
a - Magic Dart            Conj           100%       1d8       1%          1
b - Searing Ray           Conj           88%        2d7       1%          2
c - Dazzling Flash        Conj/Hex       70%        N/A       2%          3
d - Call Canine Familiar  Summ           20%        N/A       7%          3

Your spell library contained the following spells:

 Spells                   Type           Power      Damage    Failure   Level
 Portal Projectile        Hex/Tloc       44%        N/A       6%          3
 Fulminant Prism          Conj/Hex       17%        3d11      9%          4
 Iskenderun's Mystic Bla  Conj/Tloc      31%        2d8       11%         4
 Leda's Liquefaction      Hex/Erth       8%         N/A       30%         4


Dungeon Overview and Level Annotations

Branches:
Dungeon (5/15)
 Temple: D:4-7

Altars:

Annotations:
D:5 Sigmund


Message History

You hit the necrophage.
The necrophage is severely damaged.
The necrophage hits you.
You feel drained.
You hit the necrophage.
The necrophage is severely damaged.
The necrophage hits you. x2
You completely miss the necrophage.
The necrophage is severely damaged.
The necrophage barely misses you.
Aiming: Magic Dart (safe; 1% risk of failure)
Press: ? - help, Q - select action, (/) - cycle Shift-Dir - straight line, f/p - necrophage
Aim: a necrophage (severely damaged, 100% to hit)
The magic dart hits the necrophage.
The necrophage is severely damaged.
The necrophage misses you.
You hit the necrophage but do no damage.
The necrophage is severely damaged.
The necrophage hits you.
You barely miss the necrophage.
The necrophage is severely damaged.
The necrophage hits you.
You hit the necrophage.
The necrophage is severely damaged.
The necrophage hits you.
* * * LOW HITPOINT WARNING * * *
You closely miss the necrophage.
The necrophage is severely damaged.
Sigmund the Dreaded comes into view.
He is wielding a +0 scythe.
The necrophage hits you.
* * * LOW HITPOINT WARNING * * *
You feel drained.
The necrophage hits you but does no damage.
Aiming: Magic Dart (safe; 1% risk of failure)
Press: ? - help, Q - select action, (/) - cycle Shift-Dir - straight line, f/p - necrophage
Aim: a necrophage (severely damaged, 100% to hit)
The magic dart hits the necrophage.
The necrophage is almost destroyed.
Sigmund shouts!
The necrophage hits you.
You die...

###.. .... ...#
... .. .# ##.#
#@# #n# ##.##
...###...#
........@#
...######...$...
. ....O..
.....!. .......


You could see a necrophage and Sigmund.

Vanquished Creatures
  An ogre (D:5)
  A scorpion (D:5)
  2 jellies
  A gnoll (D:1)
  4 adders
  A white imp (D:3)
  2 worms
  5 dart slugs
  6 orcs
  4 ball pythons
  3 endoplasms
  4 giant cockroaches
  10 goblins
  6 hobgoblins
  4 kobolds
  5 quokkas
  8 bats
  2 frilled lizards
  3 rats
72 creatures vanquished.

Notes
Turn   | Place    | Note
-------+----------+-------------------------------------------
     0 | D:1      | Linkola the Deep Elf Conjurer began the quest for the Orb.
     0 | D:1      | Reached XP level 1. HP: 10/10 MP: 6/6
   219 | D:1      | Reached XP level 2. HP: 15/15 MP: 6/8
   222 | D:1      | Learned a level 2 spell: Searing Ray
   377 | D:1      | Reached skill level 5 in Conjurations
   480 | D:1      | Reached XP level 3. HP: 19/19 MP: 3/9
   481 | D:1      | Reached skill level 1 in Hexes
   485 | D:1      | Learned a level 3 spell: Dazzling Flash
  1936 | D:2      | Reached XP level 4. HP: 24/24 MP: 7/10
  1940 | D:2      | Learned a level 3 spell: Call Canine Familiar
  2309 | D:3      | Reached skill level 1 in Translocations
  3090 | D:3      | Found a faded altar of an unknown god.
  3416 | D:4      | Reached skill level 1 in Summonings
  3852 | D:4      | Reached XP level 5. HP: 28/28 MP: 9/12
  4413 | D:5      | Entered Level 5 of the Dungeon
  4413 | D:5      | Noticed an ogre
  4425 | D:5      | Killed an ogre
  4426 | D:5      | Reached XP level 6. HP: 32/32 MP: 3/14
  4460 | D:5      | Noticed Sigmund
  4461 | D:5      | Slain by a necrophage

Illustrated notes

Levels and vault maps discovered:
D:1:      enne_arrival_octagon_isle, layout_loops_ring, glass_columns_b,
          grunt_decor_junction
D:2:      layout_basic
D:3:      layout_basic, chequers_ecumenical_altar_simple_redux
D:4:      layout_cave_pods
D:5:      layout_layer_cave, uniq_prince_ribbit1, uniq_ijyb, uniq_sigmund

Skill      XL: |  1  2  3  4  5  6 |
---------------+-------------------+-----
Conjurations   | 5 |  5.9
Hexes          | 1 2 3 |  3.0
Stealth        | 3 |  3.2
Translocations | 1 2 |  2.0
Summonings     | 1 2 |  2.1
Spellcasting   | 4 |  4.5
Fighting       | |  0.2
Dodging        | |  2.9

Action                   |  1- 3 |  4- 6 || total
-------------------------+-------+-------++-------
Melee: Trident           |     1 |       ||     1
       Staff             |       |    10 ||    10
 Cast: Magic Dart        |    47 |    59 ||   106
       Searing Ray       |     9 |    12 ||    21
       Dazzling Flash    |     1 |       ||     1
       Call Canine Famil |       |     2 ||     2
  Use: Scroll            |     7 |     3 ||    10
Armor: Robe              |       |    13 ||    13
Dodge: Dodged            |     7 |    21 ||    28
